 Dungeon Crawl Stone Soup version 0.31-a0-265-gcf7e37af1d (webtiles) character file.

Game seed: 5481894787420089302

31 qw the Shooter (level 3, -1/29 HPs)
             Began as a Minotaur Hexslinger on July 13, 2023.
             Killed from afar by an orc wizard (11 damage)
             ... with a magic dart
             ... on level 2 of the Dungeon.
             The game lasted 00:00:21 (1008 turns).

qw the Shooter (Minotaur Hexslinger)                Turns: 1008, Time: 00:00:22

Health: -1/29      AC:  2    Str: 12    XL:     3   Next: 7%
Magic:  3/3        EV: 12    Int: 10    God:
Gold:   117        SH:  0    Dex: 14    Spells: 3/4 levels left

rFire   . . .        Y - +1 shortbow
rCold   . . .        (shield currently unavailable)
rNeg    . . .        c - +0 robe
rPois   .            (helmet restricted)
rElec   .            (no cloak)
rCorr   .            (no gloves)
SInv    .            (no boots)
Will    .....        (no amulet)
Stlth   +            (no ring)
HPRegen 0.24/turn    (no ring)
MPRegen 0.08/turn

%: no passive effects
@: no status effects
A: horns 2, retaliatory headbutt
a: no special abilities


You were on level 2 of the Dungeon.
You visited 1 branch of the dungeon, and saw 2 of its levels.

You collected 117 gold pieces.


Innate Abilities, Weirdness & Mutations

You have a pair of horns on your head.
You reflexively headbutt those who attack you in melee.


   Skills:
 - Level 2.0 Fighting
 + Level 3.6 Ranged Weapons
 - Level 2.1 Dodging
 - Level 1.0 Spellcasting
 - Level 2.0 Hexes


You had 3 spell levels left.
You knew the following spells:

 Your Spells              Type           Power      Damage    Failure   Level
a - Slow                  Hex            16%        N/A       16%         1

Your spell library contained the following spells:

 Spells                   Type           Power      Damage    Failure   Level
 Inner Flame              Hex/Fire       2%         N/A       56%         3
 Portal Projectile        Hex/Tloc       4%         N/A       56%         3
 Cause Fear               Hex            2%         N/A       83%         4

Inventory:

Hand Weapons
 Y - a +1 shortbow (weapon)
Armour
 b - a +0 ring mail
 c - a +0 robe (worn)
Scrolls
 g - a scroll of identify

Dungeon Overview and Level Annotations

Branches:
Dungeon (2/15)

Altars:


Message History

The orc is almost dead.
Something hits you but does no damage.
You shoot an arrow. The arrow hits the orc.
You kill the orc!
Something hits you.
999 ||| FLEEEEING.
1000 ||| FLEEEEING.
Something hits you.
1001 ||| FLEEEEING.
Something hits you.
You hear some strange, mumbled words.
A puff of flame appears from out of thin air!
The puff of flame hits you!
Enter note:
Enter note:
Enter note:
Enter note:
1002 ||| STILL FLEEEEING.
Enter note:
Enter note:
Enter note:
Enter note:
1003 ||| FLEEEEING.
1004 ||| STILL FLEEEEING.
1005 ||| FLEEEEING.
An orc wizard appears from thin air!
Reactivating autopickup.
Enter note:
Enter note:
Enter note:
Enter note: You shoot an arrow.
The arrow hits the orc wizard.
The orc wizard is moderately wounded.
The orc wizard hits you with a +0 dagger.
You shoot an arrow. The arrow hits the orc wizard.
The orc wizard is severely wounded.
The orc wizard barely misses you. The orc hits you but does no damage.
You shoot an arrow. The arrow hits the orc wizard.
The orc wizard is almost dead.
The orc wizard gestures at you while chanting.
The magic dart hits you!
You die...

#o# #.# #######.# ........#
######..###### #### #
#.....)..o.# #..# ###.##...###.#
#..# ....#.....##.######## #..#
######...###...o@...## #..#
######..## ####o.....# ###..####
........# #.###..## #........
#######.# #.# #...###.###.##.
##'## #.###....##.# #.##. ##...##
#...[...###.# #.##. ##.....##
#######.# #.# #.... ##.......##
##.###.# #.# #.#..
###.........####...##.###.###....


You could see an orc wizard and an orc.

Vanquished Creatures
  An adder (D:2)
  3 orcs (D:2)
  2 endoplasms (D:1)
  A giant cockroach (D:2)
  A hobgoblin (D:2)
  A ball python (D:2)
  5 bats
  A goblin (D:1)
  2 kobolds (D:1)
  4 rats (D:1)
21 creatures vanquished.

Notes
Turn   | Place    | Note
-------+----------+-------------------------------------------
     0 | D:1      | qw the Minotaur Hexslinger began the quest for the Orb.
     0 | D:1      | Reached XP level 1. HP: 16/16 MP: 1/1
     0 | D:1      | 0 ||| qw: Version: 0.3-a-52-g30416fa
     0 | D:1      | 0 ||| qw: Game counter: 7653
     0 | D:1      | 0 ||| qw: Melee chars always use a shield: true
     0 | D:1      | 0 ||| qw: God list: Okawaru
     0 | D:1      | 0 ||| qw: Allow faded altars: false
     0 | D:1      | 0 ||| qw: Do Orc after clearing Dungeon:15 true
     0 | D:1      | 0 ||| qw: Do second Lair branch before Depths: true
     0 | D:1      | 0 ||| qw: Lair rune preference: random
     0 | D:1      | 0 ||| qw: Goals: Normal
     0 | D:1      | 0 ||| PLANNING D:1-11
   241 | D:1      | Reached skill level 3 in Ranged Weapons
   241 | D:1      | Reached XP level 2. HP: 23/23 MP: 2/2
   265 | D:1      | 265 ||| SWAPPING to +0 shortbow.
   266 | D:1      | 266 ||| DROPPING +1 sling.
   586 | D:1      | 586 ||| READING 3 scrolls labelled BYLOUL VOCS.
   587 | D:1      | 587 ||| READING scroll labelled UDO IDICVAECE.
   588 | D:1      | 588 ||| READING scroll labelled FIBLEL GOWK.
   589 | D:1      | 589 ||| READING 2 scrolls of identify.
   589 | D:1      | 589 ||| IDENTIFYING sapphire potion
   590 | D:1      | 590 ||| DROPPING scroll of poison.
   820 | D:2      | HP: 6/24 [poisoned by an adder]
   821 | D:2      | 821 ||| DRINKING potion of heal wounds.
   981 | D:2      | Reached XP level 3. HP: 24/29 MP: 3/3
   981 | D:2      | 981 ||| FLEEEEING.
   982 | D:2      | 982 ||| FLEEEEING.
   983 | D:2      | 983 ||| FLEEEEING.
   984 | D:2      | 984 ||| FLEEEEING.
   985 | D:2      | 985 ||| FLEEEEING.
   986 | D:2      | 986 ||| FLEEEEING.
   987 | D:2      | 987 ||| FLEEEEING.
   988 | D:2      | 988 ||| FLEEEEING.
   989 | D:2      | 989 ||| FLEEEEING.
   990 | D:2      | 990 ||| FLEEEEING.
   999 | D:2      | 999 ||| FLEEEEING.
  1000 | D:2      | 1000 ||| FLEEEEING.
  1001 | D:2      | 1001 ||| FLEEEEING.
  1003 | D:2      | 1003 ||| FLEEEEING.
  1005 | D:2      | 1005 ||| FLEEEEING.
  1008 | D:2      | Killed from afar by an orc wizard

Levels and vault maps discovered:
D:1:      elethiomel_arrival_diamonds, layout_basic
D:2:      mumra_celtic_spiral_tile, layout_loops_corners, minmay_distorted

Skill      XL: |  1  2 |
---------------+-------+-----
Ranged Weapons | 3 |  3.6
Fighting       | 2 |  2.0
Dodging        | |  2.1
Spellcasting   | |  1.0
Hexes          | |  2.0

Action                     || total
---------------------------++-------
   Fire: Sling             ||    29
         Shortbow          ||    49
    Use: Scroll            ||     4
         Potion            ||     1
 Armour: Robe              ||    16
  Dodge: Dodged            ||    30

Table legend:
 A = Non-vault XP
 B = Vault XP
 C = Vault XP percentage of total XP
 D = Non-vault monster count
 E = Vault monster count
 F = Vault count percentage of total count
                 A         B        C        D         E       F
            +---------+---------+-------+---------+---------+-------
      Total |      34 |      11 |  24.4 |      12 |       9 |  42.9
            +---------+---------+-------+---------+---------+-------
        D:1 |       8 |       8 |  50.0 |       6 |       7 |  53.8
        D:2 |      26 |       3 |  10.3 |       6 |       2 |  25.0
            +---------+---------+-------+---------+---------+-------
